 Dungeon Crawl Stone Soup version 0.26.0-10-g1f06aea511 (webtiles) character file.

Game seed: 14839737285071402543

59 Borgoz the Slasher (level 4, -3/37 HPs)
             Began as a Ghoul Gladiator on Jan 31, 2021.
             Slain by a gnoll
             ... wielding a cursed -3 spear
              (7 damage)
             ... on level 2 of the Dungeon.
             The game lasted 00:01:56 (587 turns).

Borgoz the Slasher (Ghoul Gladiator)                 Turns: 587, Time: 00:01:57

Health: -3/37      AC:  4    Str: 16 (17) XL:     4   Next: 3%
Magic:  3/3        EV: 12    Int:  1 (3)  God:
Gold:   99         SH:  0    Dex: 10 (11) Spells: 3/3 levels left

rFire    . . .     SeeInvis .   a - +0 long sword
rCold    + . .     Faith    .   (no shield)
rNeg     + + +     Spirit   .   k - +0 leather armour (curse)
rPois    ∞         Reflect  .   c - +0 helmet
rElec    .         Harm     .   (no cloak)
rCorr    .         Rampage  .   (no gloves)
Will     .....                  (no boots)
Stlth    +.........             (no amulet)
HPRegen  0.00/turn              (no ring)
MPRegen  0.08/turn              (no ring)

@: no status effects
A: claws 1, cold resistance 1, negative energy resistance 3, inhibited
regeneration, torment resistance, unbreathing
a: no special abilities


You were on level 2 of the Dungeon.
You visited 1 branch of the dungeon, and saw 2 of its levels.

You collected 99 gold pieces.

Inventory:

Hand Weapons
 a - a +0 long sword (weapon)
Missiles
 d - 3 throwing nets (quivered)
Armour
 c - a +0 helmet (worn)
 k - a cursed +0 leather armour (worn)
Scrolls
 b - a scroll of immolation {unknown}
 e - 2 scrolls of remove curse {unknown}
 g - a scroll of amnesia {unknown}
 j - a scroll of magic mapping {unknown}
Potions
 f - a potion of flight {unknown}
 i - a potion of might {unknown}
 l - a potion of lignification {unknown}


   Skills:
 + Level 2.7 Fighting
 * Level 3.3 Long Blades
 - Level 1.7 Throwing
 * Level 1.5 Armour
 + Level 3.0 Dodging


You had 3 spell levels left.
You didn't know any spells.
Your spell library was empty.

Dungeon Overview and Level Annotations

Branches:
Dungeon (2/15)

Altars:


Innate Abilities, Weirdness & Mutations

You thrive by killing the living.
You are immune to poison.
You have sharp fingernails.
Your flesh is cold resistant. (rC+)
You are immune to negative energy. (rN+++)
You do not regenerate when monsters are visible.
You are immune to unholy pain and torment.
You can survive without breathing.


Message History

You slash the gnoll!
The gnoll is almost dead.
The leopard gecko closely misses you. The gnoll hits you. The gnoll misses you.
The leopard gecko barely misses you. The gnoll hits you!
You are too injured to fight recklessly!
You hit the gnoll.
You kill the gnoll!
The gnoll hits you from afar with a cursed -3 spear!
* * * LOW HITPOINT WARNING * * *
The leopard gecko closely misses you.
You riposte.
You miss the leopard gecko. The gnoll hits you but does no damage.
The kobold closely misses you.
Your Dodging skill increases to level 3!
You have reached level 4!
It was a potion of degeneration.
There was something very wrong with that liquid.
You feel weakened.
You feel dopey.
You feel clumsy. The leopard gecko misses you.
A gnoll comes into view. It is wielding a +0 halberd.
The gnoll hits you from afar with a cursed -3 spear!
You die...

...........
..........
..........
.........# #.
.........# #.
......w.g # #.
......lK# #.##.
#+# ###@# #
....##.###...####
.
#..#.#.....g.....
#.
#........#####...
#.##..#.#.### .
####.....#.#.#
.........#...#
..##.#.......###
.......#.#.......


You could see a worm, 2 gnolls, a leopard gecko and a kobold.

Vanquished Creatures
  2 gnolls (D:2)
  An adder (D:2)
  3 dart slugs
  3 bats (D:1)
  3 giant cockroaches
  6 goblins (D:1)
  A hobgoblin (D:1)
  A kobold (D:1)
  6 rats
26 creatures vanquished.

Notes
Turn   | Place    | Note
-------+----------+-------------------------------------------
     0 | D:1      | Borgoz the Ghoul Gladiator began the quest for the Orb.
     0 | D:1      | Reached XP level 1. HP: 17/17 MP: 0/0
    73 | D:1      | Reached XP level 2. HP: 24/25 MP: 1/1
   200 | D:1      | Reached skill level 1 in Armour
   446 | D:1      | Reached XP level 3. HP: 25/30 MP: 2/2
   587 | D:2      | Reached XP level 4. HP: 4/37 MP: 3/3
   587 | D:2      | Slain by a gnoll

Illustrated notes

Levels and vault maps discovered:
D:1:      eino_arrival_cavern_b, layout_rooms
D:2:      minmay_roachtagon, layout_basic

Skill      XL: |  1  2  3 |
---------------+----------+-----
Long Blades    | 3 |  3.3
Armour         | 1 |  1.5
Dodging        | 3 |  3.0
Fighting       | |  2.7
Throwing       | |  1.7

Action                   |  1- 3 |  4- 6 || total
-------------------------+-------+-------++-------
Melee: Long sword        |    63 |       ||    63
  Use: Potion            |       |     1 ||     1
Armor: Leather armour    |    28 |       ||    28
Dodge: Dodged            |    66 |     1 ||    67
       Rpst.: Long sword |    25 |       ||    25
